 Dungeon Crawl Stone Soup version 0.29.0-4-gdea44cf6ec (webtiles) character file.

Game seed: 1118119938189582742

2204 qw the Cleaver (level 9, -3/54 HPs)
             Began as a Tengu Warper on Aug 28, 2022.
             Was an Initiate of Okawaru.
             Slain by an orc warrior
             ... wielding a +0 long sword
              (5 damage)
             ... on level 7 of the Dungeon.
             The game lasted 00:01:04 (8647 turns).

qw the Cleaver (Tengu Warper)                       Turns: 8647, Time: 00:01:04

Health: -3/54      AC: 11    Str: 15    XL:     9   Next: 34%
Magic:  13/13      EV:  9    Int: 15    God:    Okawaru [......]
Gold:   32         SH:  4    Dex: 15    Spells: 12/12 levels left

rFire   . . .      SeeInvis .   Y - +0 hand axe
rCold   x . .      Faith    .   (no shield)
rNeg    . . .      Spirit   .   l - +0 chain mail
rPois   .          Reflect  .   g - +0 hat "Acvew" {rC- Regen+ rCorr Dex+2}
rElec   .          Harm     .   m - +0 cloak
rCorr   +          Rampage  .   c - +0 pair of gloves
Will    .....      Clarity  +   (boots unavailable)
Stlth   ..........              (no amulet)
HPRegen 0.98/turn               (no ring)
MPRegen 0.13/turn               (no ring)

@: flying quickly and evasively, quick
A: beak, talons 3, nimble flight, antennae 1, large bone plates 1, clarity
a: Renounce Religion


You were on level 7 of the Dungeon.
You worshipped Okawaru.
Okawaru was noncommittal.
You visited 2 branches of the dungeon, and saw 8 of its levels.

You collected 362 gold pieces.
You spent 330 gold pieces at shops.


Innate Abilities, Weirdness & Mutations

You have a beak for a mouth.
You have claws for feet.
Your magical nature lets you fly swiftly and evasively.
You have a pair of small antennae on your head.
You are partially covered in large bone plates. (SH +4)
You possess an exceptional clarity of mind.


   Skills:
 - Level 5.1 Fighting
 - Level 11.0 Axes
 - Level 1.0 Throwing
 + Level 4.0 Armour
 - Level 4.3 Dodging
 - Level 2.0 Spellcasting
 - Level 2.4 Translocations


You had 12 spell levels left.
You didn't know any spells.
Your spell library contained the following spells:

 Spells                   Type           Power      Damage    Failure   Level
 Blink                    Tloc           16%        N/A       94%         2
 Gell's Gravitas          Tloc           8%         N/A       99%         3
 Lesser Beckoning         Tloc           8%         N/A       99%         3
 Teleport Other           Tloc           8%         N/A       99%         3
 Manifold Assault         Tloc           8%         N/A       100%        5

Inventory:

Hand Weapons
 b - a +0 flail
 Y - a +0 hand axe (weapon)
Missiles
 h - 5 boomerangs (quivered)
Armour
 c - a +0 pair of gloves (worn)
 d - a +1 ring mail of fire resistance
 g - the +0 hat "Acvew" (worn) {rC- Regen+ rCorr Dex+2}
   (You acquired it on level 5 of the Dungeon)

   Dex:       It affects your dexterity (+2).
   rC:        It makes you vulnerable to cold.
   Regen:     It increases your rate of health regeneration.
   rCorr:     It protects you from acid and corrosion.
 j - a +0 plate armour
 l - a +0 chain mail (worn)
 m - a +0 cloak (worn)
Scrolls
 e - 3 scrolls of identify
Potions
 a - a potion of mutation
 f - 5 potions of curing
 i - a potion of might
 k - a potion of resistance

Dungeon Overview and Level Annotations

Branches:
Dungeon (7/15)             Temple (1/1) D:7

Altars:
Ashenzari
Dithmenos
Elyvilon
Gozag
Hepliaklqana
Kikubaaqudgha
Nemelex Xobeh
Okawaru
Qazlal
Ru
Sif Muna
Trog
Vehumet
Xom
Yredelemnul
The Shining One

Shops:
D:7 [[*

Annotations:
D:4 3 runed translucent doors, qw's ghost, amateur TeWr


Message History

Throw: 5 boomerangs
Press: ? - help, Q - select action Shift-Dir - straight line, f - orc warrior You throw a boomerang.
The boomerang closely misses the orc warrior.
Throw: 5 boomerangs
Press: ? - help, Q - select action Shift-Dir - straight line, f/p - orc warrior You throw a boomerang.
The boomerang barely misses the orc warrior.
Throw: 5 boomerangs
Press: ? - help, Q - select action Shift-Dir - straight line, f/p - orc warrior You throw a boomerang.
The boomerang hits the orc warrior.
The orc warrior is moderately wounded.
Throw: 5 boomerangs
Press: ? - help, Q - select action Shift-Dir - straight line, f/p - orc warrior You throw a boomerang.
The boomerang hits the orc warrior but does no damage.
The orc warrior is moderately wounded.
You barely miss the orc warrior. Your kick misses the orc warrior.
Your peck misses the orc warrior.
The orc warrior is moderately wounded.
You block the orc warrior's attack.
You hit the orc warrior but do no damage.
Your kick misses the orc warrior.
The orc warrior is moderately wounded.
You block the orc warrior's attack.
You hit the orc warrior but do no damage.
Your kick misses the orc warrior.
The orc warrior is moderately wounded.
The orc warrior hits you but does no damage.
You hit the orc warrior but do no damage.
The orc warrior is moderately wounded.
You hit the orc warrior but do no damage.
Your kick misses the orc warrior.
You peck the orc warrior, but do no damage.
The orc warrior is moderately wounded.
The orc warrior hits you with a +0 long sword!
You hit the orc warrior.
The orc warrior is heavily wounded.
The orc warrior hits you with a +0 long sword.
You die...

#.....# #.....# #
#.....# #.....# ..
#.....# ... #..?..#
...# #.....# ....
#..@..# ... #...o.#
#
#.....###+####+####
#...........#..>...#
#...........#......#
#...........#.......
#...........#.......
#..!...).)..#.......
......).)..#.......


You could see an orc warrior.

Vanquished Creatures
  Sigmund (D:6)
  A sky beast (D:6)
  An ice beast (D:6)
  2 ogres
  A centaur (D:6)
  2 phantoms
  A bullfrog (D:6)
  4 scorpions
  A wight (D:7)
  A howler monkey (D:6)
  A gnoll bouda (D:7)
  5 jellies
  2 orc priests
  4 hounds
  7 iguanas
  5 orc wizards
  15 gnolls
  9 adders
  A shadow imp (D:7)
  2 white imps (D:5)
  An ufetubus (D:4)
  4 worms
  A dart slug (D:1)
  25 orcs
  13 endoplasms
  9 giant cockroaches
  8 goblins
  12 hobgoblins
  6 jackals (D:2)
  4 kobolds (D:1)
  3 quokkas
  8 ball pythons
  13 bats
  4 frilled lizards
  5 rats
182 creatures vanquished.

Vanquished Creatures (others)
  3 plants (D:3)
3 creatures vanquished.

Grand Total: 185 creatures vanquished

Notes
Turn   | Place    | Note
-------+----------+-------------------------------------------
     0 | D:1      | qw the Tengu Warper began the quest for the Orb.
     0 | D:1      | Reached XP level 1. HP: 12/12 MP: 4/4
     0 | D:1      | 0 ||| qw: Version: 0.1-a-89-g26bdef1
     0 | D:1      | 0 ||| qw: Game counter: 2994
     0 | D:1      | 0 ||| qw: Always use a shield: true
     0 | D:1      | 0 ||| qw: God list: Okawaru
     0 | D:1      | 0 ||| qw: Allow faded altars: false
     0 | D:1      | 0 ||| qw: Do Orc after D:15 true
     0 | D:1      | 0 ||| qw: Do second Lair branch before Depths: true
     0 | D:1      | 0 ||| qw: Lair rune preference: random
     0 | D:1      | 0 ||| qw: Plans: Normal
     0 | D:1      | 0 ||| PLANNING D:1-11
    73 | D:1      | 73 ||| Stepping ~*~*~tactically~*~*~ (hiding).
    76 | D:1      | 76 ||| Stepping ~*~*~tactically~*~*~ (hiding).
    83 | D:1      | Reached skill level 3 in Axes
    83 | D:1      | Reached XP level 2. HP: 14/17 MP: 6/6
   327 | D:1      | 327 ||| DROPPING +0 club.
   573 | D:1      | Reached XP level 3. HP: 21/21 MP: 7/7
   580 | D:1      | Found a faded altar of an unknown god.
   775 | D:1      | Reached skill level 4 in Axes
  1008 | D:1      | 1008 ||| UPGRADING to +0 ring mail.
  1018 | D:1      | 1018 ||| DROPPING +0 leather armour.
  1023 | D:1      | 1023 ||| DROPPING +6 ring of intelligence.
  1024 | D:1      | 1024 ||| DRINKING 2 golden potions.
  1126 | D:1      | 1126 ||| DRINKING 2 sedimented white potions.
  1127 | D:1      | 1127 ||| DROPPING scroll of blinking.
  1128 | D:1      | 1128 ||| DROPPING potion of ambrosia.
  1129 | D:1      | 1129 ||| DROPPING potion of flight.
  1336 | D:2      | 1336 ||| Stepping ~*~*~tactically~*~*~ (stealth).
  1568 | D:2      | Reached XP level 4. HP: 25/26 MP: 8/8
  2126 | D:2      | 2126 ||| READING 2 scrolls labelled XEQYIPR NEGI.
  2127 | D:2      | 2127 ||| READING 3 scrolls labelled QILILO LAYDI.
  2128 | D:2      | 2128 ||| DRINKING 2 bubbling silvery potions.
  2129 | D:2      | 2129 ||| DRINKING 3 amethyst potions.
  2130 | D:2      | 2130 ||| DRINKING 3 smoky ruby potions.
  2131 | D:2      | 2131 ||| DRINKING 2 smoky emerald potions.
  2169 | D:2      | 2169 ||| READING 2 scrolls of identify.
  2169 | D:2      | 2169 ||| IDENTIFYING coppery potion
  2170 | D:2      | 2170 ||| DROPPING scroll of summoning.
  2171 | D:2      | 2171 ||| DROPPING potion of invisibility.
  2172 | D:2      | 2172 ||| DROPPING potion of lignification.
  2343 | D:3      | Found a white marble altar of Elyvilon.
  2346 | D:3      | 2346 ||| Stepping ~*~*~tactically~*~*~ (stealth).
  2353 | D:3      | Reached skill level 5 in Axes
  2361 | D:3      | HP: 5/26 [poisoned by an adder]
  2362 | D:3      | 2362 ||| DRINKING 2 potions of heal wounds.
  2488 | D:3      | 2488 ||| Stepping ~*~*~tactically~*~*~ (stealth).
  2586 | D:3      | HP: 5/26 [orc/+0 flail (3)]
  2587 | D:3      | 2587 ||| DRINKING potion of heal wounds.
  2589 | D:3      | 2589 ||| Stepping ~*~*~tactically~*~*~ (hiding).
  2598 | D:3      | Gained mutation: Your magical nature lets you fly swiftly
                  | and evasively. [Tengu growth]
  2598 | D:3      | Reached XP level 5. HP: 13/30 MP: 9/9
  2767 | D:3      | 2767 ||| DROPPING +0 whip.
  3240 | D:3      | Found a faded altar of an unknown god.
  3241 | D:3      | 3241 ||| Stepping ~*~*~tactically~*~*~ (stealth).
  3251 | D:3      | Reached skill level 6 in Axes
  3274 | D:3      | 3274 ||| Stepping ~*~*~tactically~*~*~ (stealth).
  3275 | D:3      | 3275 ||| Stepping ~*~*~tactically~*~*~ (stealth).
  3276 | D:3      | 3276 ||| Stepping ~*~*~tactically~*~*~ (stealth).
  3277 | D:3      | 3277 ||| Stepping ~*~*~tactically~*~*~ (stealth).
  3348 | D:3      | 3348 ||| FLEEEEING.
  3349 | D:3      | 3349 ||| FLEEEEING.
  3350 | D:3      | 3350 ||| FLEEEEING.
  3351 | D:3      | 3351 ||| FLEEEEING.
  3355 | D:3      | 3355 ||| FLEEEEING.
  3356 | D:3      | 3356 ||| FLEEEEING.
  3357 | D:3      | 3357 ||| FLEEEEING.
  3358 | D:3      | 3358 ||| FLEEEEING.
  3359 | D:3      | 3359 ||| FLEEEEING.
  3360 | D:3      | 3360 ||| FLEEEEING.
  3361 | D:3      | 3361 ||| FLEEEEING.
  3366 | D:3      | 3366 ||| FLEEEEING.
  3367 | D:3      | 3367 ||| FLEEEEING.
  3378 | D:3      | 3378 ||| FLEEEEING.
  3392 | D:3      | 3392 ||| FLEEEEING.
  3393 | D:3      | 3393 ||| FLEEEEING.
  3394 | D:3      | 3394 ||| FLEEEEING.
  3395 | D:3      | 3395 ||| FLEEEEING.
  3396 | D:3      | 3396 ||| FLEEEEING.
  3397 | D:3      | 3397 ||| FLEEEEING.
  3398 | D:3      | 3398 ||| STAIRDANCE
  3452 | D:2      | 3452 ||| DRINKING 2 fuming silvery potions.
  3452 | D:2      | Gained mutation: You possess an exceptional clarity of
                  | mind. [potion of mutation]
  3452 | D:2      | Gained mutation: You are partially covered in large bone
                  | plates. (SH +4) [potion of mutation]
  3452 | D:2      | Gained mutation: You have a pair of small antennae on your
                  | head. [potion of mutation]
  3453 | D:2      | 3453 ||| DRINKING 2 viscous ruby potions.
  3505 | D:3      | Found a radiant altar of Vehumet.
  3743 | D:4      | Noticed a phantom
  3754 | D:4      | Killed a phantom
  3755 | D:4      | Reached XP level 6. HP: 32/35 MP: 10/10
  3783 | D:4      | 3783 ||| Stepping ~*~*~tactically~*~*~ (stealth).
  3784 | D:4      | 3784 ||| Stepping ~*~*~tactically~*~*~ (stealth).
  3789 | D:4      | 3789 ||| Stepping ~*~*~tactically~*~*~ (stealth).
  3790 | D:4      | 3790 ||| Stepping ~*~*~tactically~*~*~ (stealth).
  3791 | D:4      | 3791 ||| Stepping ~*~*~tactically~*~*~ (stealth).
  3795 | D:4      | Reached skill level 7 in Axes
  3970 | D:4      | 3970 ||| Stepping ~*~*~tactically~*~*~ (hiding).
  4005 | D:4      | 4005 ||| FLEEEEING.
  4011 | D:4      | 4011 ||| FLEEEEING.
  4186 | D:4      | 4186 ||| Stepping ~*~*~tactically~*~*~ (stealth).
  4198 | D:4      | 4198 ||| Stepping ~*~*~tactically~*~*~ (stealth).
  4199 | D:4      | 4199 ||| Stepping ~*~*~tactically~*~*~ (stealth).
  4200 | D:4      | 4200 ||| Stepping ~*~*~tactically~*~*~ (stealth).
  4202 | D:4      | Reached skill level 3 in Fighting
  4202 | D:4      | 4202 ||| Stepping ~*~*~tactically~*~*~ (stealth).
  4339 | D:4      | Noticed qw's ghost (amateur TeWr)
  4364 | D:4      | Identified the +1 robe of Ducruso {rN+}
  4455 | D:4      | Found a runed translucent gate.
  4456 | D:4      | Found a runed translucent gate.
  4460 | D:4      | Found a runed translucent gate.
  4717 | D:4      | 4717 ||| DROPPING +1 robe of Ducruso {rN+}.
  4718 | D:4      | 4718 ||| UPGRADING to amulet of guardian spirit.
  4723 | D:4      | 4723 ||| READING scroll labelled ZANTAE NAUTE.
  4724 | D:4      | 4724 ||| READING 3 scrolls of identify.
  4724 | D:4      | 4724 ||| IDENTIFYING fuming puce potion
  4725 | D:4      | 4725 ||| READING 2 scrolls of identify.
  4725 | D:4      | 4725 ||| IDENTIFYING cyan potion
  4726 | D:4      | 4726 ||| DROPPING potion of degeneration.
  4727 | D:4      | 4727 ||| DROPPING potion of berserk rage.
  4756 | D:3      | 4756 ||| Stepping randomly (stuck).
  4773 | D:5      | Entered Level 5 of the Dungeon
  4835 | D:5      | Reached XP level 7. HP: 28/41 MP: 6/11
  5023 | D:5      | Reached skill level 8 in Axes
  5209 | D:5      | Reached skill level 3 in Dodging
  5214 | D:5      | 5214 ||| FLEEEEING.
  5215 | D:5      | 5215 ||| FLEEEEING.
  5216 | D:5      | 5216 ||| FLEEEEING.
  5217 | D:5      | 5217 ||| FLEEEEING.
  5220 | D:5      | 5220 ||| FLEEEEING.
  5221 | D:5      | 5221 ||| FLEEEEING.
  5222 | D:5      | 5222 ||| FLEEEEING.
  5223 | D:5      | 5223 ||| FLEEEEING.
  5235 | D:5      | 5235 ||| FLEEEEING.
  5238 | D:5      | 5238 ||| FLEEEEING.
  5358 | D:5      | 5358 ||| Invisible monster not found???
  5685 | D:5      | 5685 ||| Stepping ~*~*~tactically~*~*~ (hiding).
  5845 | D:5      | 5845 ||| Stepping ~*~*~tactically~*~*~ (stealth).
  6007 | D:5      | HP: 10/41 [poisoned by a scorpion]
  6352 | D:5      | Found a basalt altar of Yredelemnul.
  6378 | D:5      | 6378 ||| Stepping ~*~*~tactically~*~*~ (stealth).
  6625 | D:5      | 6625 ||| UPGRADING to +0 pair of gloves.
  6630 | D:5      | 6630 ||| UPGRADING to +1 ring mail of fire resistance.
  6640 | D:5      | 6640 ||| DROPPING +0 ring mail.
  6641 | D:5      | 6641 ||| UPGRADING to +0 cloak.
  6646 | D:5      | 6646 ||| READING scroll labelled SURUTER NEFU.
  6651 | D:5      | 6651 ||| READING scroll labelled COYWKO OMMILUE.
  6651 | D:5      | Identified a scroll of acquirement
  6651 | D:5      | 6651 ||| ACQUIRING +0 hat "Acvew" {rC- Regen+ rCorr Dex+2}
  6651 | D:5      | Acquired the +0 hat "Acvew" {rC- Regen+ rCorr Dex+2}
  6653 | D:5      | 6653 ||| UPGRADING to +0 hat "Acvew" {rC- Regen+ rCorr
                  | Dex+2}.
  6698 | D:6      | Reached XP level 8. HP: 46/46 MP: 12/12
  6716 | D:6      | Reached skill level 9 in Axes
  6819 | D:6      | Noticed Sigmund
  6820 | D:6      | 6820 ||| Stepping ~*~*~tactically~*~*~ (hiding).
  6843 | D:6      | Killed Sigmund
  6844 | D:6      | Reached skill level 10 in Axes
  7087 | D:6      | 7087 ||| Stepping ~*~*~tactically~*~*~ (stealth).
  7096 | D:6      | Reached XP level 9. HP: 54/54 MP: 13/13
  7152 | D:6      | 7152 ||| Stepping ~*~*~tactically~*~*~ (stealth).
  7154 | D:6      | 7154 ||| Stepping ~*~*~tactically~*~*~ (stealth).
  7169 | D:6      | 7169 ||| Stepping ~*~*~tactically~*~*~ (hiding).
  7179 | D:6      | Found a shimmering altar of Xom.
  7192 | D:6      | 7192 ||| Stepping ~*~*~tactically~*~*~ (stealth).
  7193 | D:6      | 7193 ||| Stepping ~*~*~tactically~*~*~ (stealth).
  7194 | D:6      | 7194 ||| Stepping ~*~*~tactically~*~*~ (stealth).
  7257 | D:6      | 7257 ||| READING scroll labelled ZOOZINLUGRO.
  7258 | D:6      | 7258 ||| Stepping randomly (stuck).
  7259 | D:6      | 7259 ||| Stepping ~*~*~tactically~*~*~ (cloud).
  7501 | D:7      | Found a flagged portal.
  7547 | D:7      | Reached skill level 11 in Axes
  7574 | D:7      | Reached skill level 3 in Armour
  7617 | D:7      | Found Qycoall's Armour Shoppe.
  7625 | D:7      | 7625 ||| BUYING +0 chain mail (54 gold).
  7625 | D:7      | Bought a +0 chain mail for 54 gold pieces
  7641 | D:7      | Found a staircase to the Ecumenical Temple.
  7642 | D:7      | 7642 ||| PLANNING TEMPLE
  7642 | D:7      | 7642 ||| UPGRADING to +0 chain mail.
  7652 | D:7      | 7652 ||| DROPPING +0 scale mail.
  7661 | Temple   | Entered the Ecumenical Temple
  7758 | Temple   | Became a worshipper of Warmaster Okawaru
  7759 | Temple   | 7759 ||| REMOVING amulet of guardian spirit.
  8194 | Temple   | 8194 ||| PLANNING D:1-11
  8194 | Temple   | 8194 ||| DROPPING amulet of guardian spirit.
  8287 | D:7      | 8287 ||| Stepping ~*~*~tactically~*~*~ (hiding).
  8290 | D:7      | 8290 ||| Stepping ~*~*~tactically~*~*~ (hiding).
  8291 | D:7      | 8291 ||| Stepping ~*~*~tactically~*~*~ (hiding).
  8292 | D:7      | 8292 ||| Stepping ~*~*~tactically~*~*~ (hiding).
  8343 | D:7      | 8343 ||| Stepping ~*~*~tactically~*~*~ (hiding).
  8463 | D:7      | Found Eclix's General Store.
  8466 | D:7      | Found Unihe's Armour Boutique.
  8471 | D:7      | 8471 ||| BUYING +0 plate armour (276 gold).
  8471 | D:7      | Bought a +0 plate armour for 276 gold pieces
  8471 | D:7      | 8471 ||| SHOPLISTING +1 chain mail of fire resistance (198
                  | gold, have 32).
  8471 | D:7      | 8471 ||| SHOPLISTING scroll of enchant armour (90 gold,
                  | have 32).
  8471 | D:7      | 8471 ||| SHOPLISTING scroll of teleportation (36 gold, have
                  | 32).
  8477 | D:7      | 8477 ||| SHOPLISTING +4 chain mail of willpower (346 gold,
                  | have 32).
  8482 | D:7      | 8482 ||| Stepping ~*~*~tactically~*~*~ (hiding).
  8630 | D:7      | HP: 12/54 [orc warrior/+0 long sword (5)]
  8631 | D:7      | 8631 ||| READING scroll of teleportation.
  8635 | D:7      | HP: 6/54 [orc warrior/+0 long sword (6)]
  8646 | D:7      | HP: 1/54 [orc warrior/+0 long sword (15)]
  8647 | D:7      | Slain by an orc warrior

Levels and vault maps discovered:
D:1:      lightli_molten_gateway, layout_loops_ring,
          hellmonk_ecumenical_altar_heavens_door
D:2:      minmay_chambers_of_ones, layout_loops_ring
D:3:      cheibrodos_old_hovel, layout_loops_ring, elyvilon_altar_5,
          nicolae_overflow_ecumenical_swirl
D:4:      layout_loops_ring, gammafunk_ghost_split, minmay_manual_moon
D:5:      layout_basic, mainiacjoe_overflow_brackets, grunt_decor_one_mirror
D:6:      layout_rooms, amcnicky_altar_gilded, minmay_stone_trees_medium,
          minmay_bent, uniq_sigmund
D:7:      layout_gridville, minitemple, pf_just_have_faith,
          minmay_temple_entry_antechambers, serial_shops,
          nicolae_shop_behind_doors, shop, nicolae_shop_crystal, shop,
          enter_bailey_5, uniq_menkaure
Temple:   chequers_temple_sunken

Skill      XL: |  1  2  3  4  5  6  7  8  9 |
---------------+----------------------------+-----
Axes           | 3 4 5 6 7 8 10 11 | 11.0
Fighting       | 3 5 |  5.1
Dodging        | 3 4 |  4.3
Armour         | 2 4 |  4.0
Throwing       | |  1.0
Spellcasting   | |  2.0
Translocations | |  2.4

Action                   |  1- 3 |  4- 6 |  7- 9 || total
-------------------------+-------+-------+-------++-------
Melee: Hand axe          |   102 |   194 |   329 ||   625
       Kick              |    22 |    53 |   116 ||   191
       Peck              |    13 |    35 |    64 ||   112
       Punch             |       |     4 |     3 ||     7
Throw: Boomerang         |     7 |    16 |    21 ||    44
  Use: Potion            |     2 |     8 |       ||    10
       Scroll            |       |     6 |     4 ||    10
Armor: Leather armour    |    18 |       |       ||    18
       Ring mail         |    22 |    49 |    45 ||   116
       Chain mail        |       |       |    20 ||    20
Dodge: Dodged            |    72 |    74 |   142 ||   288
Block: Other             |       |    10 |    57 ||    67

Table legend:
 A = Non-vault XP
 B = Vault XP
 C = Vault XP percentage of total XP
 D = Non-vault monster count
 E = Vault monster count
 F = Vault count percentage of total count
                 A         B        C        D         E       F
            +---------+---------+-------+---------+---------+-------
      Total |    2586 |     563 |  17.9 |     158 |      24 |  13.2
            +---------+---------+-------+---------+---------+-------
        D:1 |      54 |       0 |   0.0 |      31 |       0 |   0.0
        D:2 |      43 |      11 |  20.4 |      24 |       5 |  17.2
        D:3 |     135 |       2 |   1.5 |      25 |       1 |   3.8
        D:4 |     248 |      54 |  17.9 |      20 |       4 |  16.7
        D:5 |     538 |       0 |   0.0 |      20 |       0 |   0.0
        D:6 |    1190 |     488 |  29.1 |      19 |      10 |  34.5
        D:7 |     378 |       8 |   2.1 |      19 |       4 |  17.4
            +---------+---------+-------+---------+---------+-------
